 Dungeon Crawl Stone Soup version 0.24.0-123-gd5b16e6ec5 (webtiles) character file.

Game seed: 13206424777515609433, levelgen mode: deterministic

22 AuftragZ the Charmwright (level 2, 0/24 HPs)
             Began as a Draconian Skald on Jan 28, 2020.
             Succumbed to an adder's poison
             ... on level 2 of the Dungeon.
             The game lasted 00:03:12 (1505 turns).

AuftragZ the Charmwright (Draconian Skald)          Turns: 1505, Time: 00:03:13

Health: 0/24       AC:  5    Str: 13    XL:     2   Next: 68%
Magic:  2/5        EV: 12    Int: 13    God:
Gold:   25         SH:  0    Dex: 10    Spells: 4/5 levels left

rFire    . . .     SeeInvis .   e - +0 mace (curse)
rCold    . . .     Gourm    .   (no shield)
rNeg     . . .     Faith    .   (armour unavailable)
rPois    .         Spirit   .   (helmet restricted)
rElec    .         Reflect  .   (no cloak)
rCorr    .         Harm     .   h - +0 pair of gloves
MR       .....                  (no boots)
Stlth    +.........             (no amulet)
HPRegen  0.08/turn              d - ring of wizardry
MPRegen  0.09/turn              (no ring)

@: lethally poisoned (0 -> -8)
A: unfitting armour, cold-blooded, AC +4
a: no special abilities


You were on level 2 of the Dungeon.
You were near starving.

You visited 1 branch of the dungeon, and saw 2 of its levels.

You collected 25 gold pieces.

Inventory:

Hand Weapons
 a - a +0 hand axe
 e - a cursed +0 mace (weapon)
Armour
 h - a +0 pair of gloves (worn)
Jewellery
 d - a ring of wizardry (left hand)
Scrolls
 g - a scroll of amnesia
Potions
 b - a potion of berserk rage
 f - a potion of lignification
Comestibles
 c - 2 rations


   Skills:
 + Level 2.2 Fighting
 + Level 2.0 Axes
 + Level 2.4 Dodging
 + Level 2.2 Spellcasting
 + Level 3.1 Charms


You had 4 spell levels left.
You knew the following spells:

 Your Spells              Type           Power        Failure   Level  Hunger
a - Infusion              Chrm           #...         2%          1    ##.....

Your spell library contained the following spells:

 Spells                   Type           Power        Failure   Level  Hunger
 Song of Slaying          Chrm           #.......     4%          2    ###....
 Shroud of Golubria       Chrm/Tloc      #.....       9%          2    ###....
 Regeneration             Chrm/Necr      #.........   16%         3    ####...
 Spectral Weapon          Hex/Chrm       #.......     16%         3    ####...


Dungeon Overview and Level Annotations

Branches:
Dungeon (2/15)

Altars:


Innate Abilities, Weirdness & Mutations

Your plain brown scales are hard. (AC +4)
You cannot fit into any form of body armour.
You are cold-blooded and may be slowed by cold attacks.


Message History

* * * LOW HITPOINT WARNING * * *
You closely miss the kobold.
You feel sick. The adder bites you.
* * * LOW HITPOINT WARNING * * *
You are lethally poisoned!
The adder poisons you! The kobold closely misses you.
You hit the kobold.
You kill the kobold!
* * * LOW HITPOINT WARNING * * *
You feel sick. The adder bites you.
* * * LOW HITPOINT WARNING * * *
The adder barely misses you.
* * * LOW HITPOINT WARNING * * *
You feel sick. The adder bites you but does no damage.
You see here a +0 dagger.
The adder bites you but does no damage. The adder barely misses you.
* * * LOW HITPOINT WARNING * * *
You feel sick. The adder barely misses you.
You see here a +0 dagger.
You miss the adder.
You die...

#######
#..#.†#
#.@)##
##S.#
##...#
##..#
#...
#..#
###


You could see an adder.

Vanquished Creatures
  A worm (D:2)
  A dart slug (D:1)
  A bat (D:2)
  2 giant cockroaches (D:1)
  4 goblins
  A frilled lizard (D:1)
  5 kobolds
  A rat (D:1)
16 creatures vanquished.

Notes
Turn   | Place    | Note
-------+----------+-------------------------------------------
     0 | D:1      | AuftragZ the Draconian Skald began the quest for the Orb.
     0 | D:1      | Reached XP level 1. HP: 17/17 MP: 3/3
   861 | D:1      | Reached XP level 2. HP: 22/24 MP: 5/5
  1132 | D:1      | Reached skill level 3 in Charms
  1504 | D:2      | HP: 1/24 [poisoned by an adder]
  1505 | D:2      | Succumbed to an adder's poison

Levels and vault maps discovered:
D:1:      dpeg_arrival_pits, layout_loops_corners
D:2:      minmay_razor_zed, layout_basic, vehumet_crystals,
          lemuel_another_geyser

Skill      XL: |  1  2 |
---------------+-------+-----
Charms         | 3 |  3.1
Fighting       | |  2.2
Axes           | |  2.0
Dodging        | |  2.4
Spellcasting   | |  2.2

Action                   || total
-------------------------++-------
Melee: Mace              ||    50
       Hand axe          ||     8
       Tailslap          ||     6
 Cast: Infusion          ||     1
  Use: Scroll            ||     4
       Potion            ||     1
Armor: Skin              ||    24
Dodge: Dodged            ||    43
